 Dungeon Crawl Stone Soup version 0.20.1-1-g8b1a95d66d (webtiles) character file.

186 Peloso the Shield-Bearer (level 5, -2/36 HPs)
             Began as a Halfling Fighter on Dec 1, 2017.
             Killed by divine providence
             ... invoked by an orc priest
              (10 damage)
             ... on level 3 of the Dungeon.
             The game lasted 00:05:14 (2445 turns).

Peloso the Shield-Bearer (Halfling Fighter)         Turns: 2445, Time: 00:05:14

Health: -2/36      AC: 10    Str: 18    XL:     5   Next: 98%
Magic:  5/5        EV: 10    Int:  6    God:
Gold:   167        SH: 10    Dex: 14    Spells: 4/4 levels left

rFire    . . .     SeeInvis .   a - +0 long sword
rCold    + . .     Gourm    .   c - +0 shield
rNeg     . . .     Faith    .   b - +3 scale mail {rC+}
rPois    .         Spirit   .   (no helmet)
rElec    .         Reflect  .   (no cloak)
rCorr    .         Harm     .   (no gloves)
MR       +....                  (no boots)
Stlth    ..........             (no amulet)
Regen    0.2/turn               q - ring of protection from magic
MPRegen  0.1/turn               (no ring)

@: no status effects
A: mutation resistance 1
a: no special abilities


You were on level 3 of the Dungeon.
You were hungry.

You visited 1 branch of the dungeon, and saw 3 of its levels.

You collected 167 gold pieces.

Inventory:

Hand Weapons
 a - a +0 long sword (weapon)
Missiles
 e - 28 bolts
Armour
 b - a +3 scale mail of cold resistance (worn)
 c - a +0 shield (worn)
Jewellery
 q - a ring of protection from magic (left hand)
Scrolls
 j - 2 scrolls of remove curse {unknown}
 n - a scroll of fear {unknown}
 p - a scroll of enchant weapon {unknown}
 r - a scroll of random uselessness {unknown}
 t - a scroll of fog {unknown}
 u - a scroll of noise {unknown}
 w - 3 scrolls of identify
Potions
 d - 2 potions of might
 g - a potion of curing
 h - a potion of haste
 k - a potion of resistance
 l - a potion of magic
 m - 2 potions of flight
 o - 2 potions of brilliance
 s - a potion of ambrosia {unknown}
Comestibles
 f - 5 bread rations
 i - a royal jelly


   Skills:
 + Level 3.1 Fighting
 + Level 3.6 Long Blades
 + Level 4.0 Armour
 + Level 1.2 Dodging
 + Level 4.6 Shields


You had 4 spell levels left.
You didn't know any spells.

Dungeon Overview and Level Annotations

Branches:
Dungeon (3/15)

Altars:
Qazlal
Zin


Innate Abilities, Weirdness & Mutations

You are small and have problems with some larger weapons.
You are somewhat resistant to further mutation.


Message History

You hit the orc priest.
You kill the orc priest!
Your Armour skill increases to level 4!
Unknown command.
You hit the orc priest.
The orc priest is moderately wounded.
The orc priest closely misses you.
Unknown command.
You closely miss the orc priest.
The orc priest is moderately wounded.
You block the orc priest's attack.
The orc priest hits you but does no damage.
You closely miss the orc priest.
The orc priest is moderately wounded.
The orc priest hits you but does no damage.
You slash the orc priest!
The orc priest is almost dead.
The orc priest calls down the wrath of Beogh upon you.
Beogh smites you!
You die...

#.......#...##.........#..
#.......#.#.##...._....###
#.....÷÷#.#.##.........#
####..#...#.#####...####
##.#.#.#.# #E#...#E#
#.......# ###...###
##..#.### ##### ##o.#o#
#.o.#@# #.o##.# #..†...#
#....#.# #......# #
##.....# # #.....# #
#.....# # #....$#


You could see an orc priest.

Vanquished Creatures
  An orc priest (D:3)
  Terence (D:2)
  A gnoll (D:1)
  4 adders
  3 worms (D:2)
  A dart slug (D:1)
  2 leopard geckos
  11 orcs (D:3)
  6 bats
  5 giant cockroaches
  2 goblins
  7 hobgoblins
  6 jackals
  2 quokkas
  2 frilled lizards (D:2)
  5 kobolds
  5 rats (D:1)
64 creatures vanquished.

Notes
Turn   | Place    | Note
-------+----------+-------------------------------------------
     0 | D:1      | Peloso the Halfling Fighter began the quest for the Orb.
     0 | D:1      | Reached XP level 1. HP: 15/15 MP: 1/1
   350 | D:1      | Reached XP level 2. HP: 19/20 MP: 2/2
   433 | D:1      | Reached XP level 3. HP: 20/25 MP: 3/3
  1206 | D:2      | Reached XP level 4. HP: 30/30 MP: 4/4
  1313 | D:2      | Noticed Terence
  1339 | D:2      | Killed Terence
  1548 | D:2      | Reached XP level 5. HP: 36/36 MP: 5/5
  1845 | D:3      | Found a glowing silver altar of Zin.
  1977 | D:3      | Reached skill level 1 in Dodging
  2372 | D:3      | Noticed an air elemental
  2388 | D:3      | Found a stormy altar of Qazlal.
  2391 | D:3      | Noticed a fire elemental
  2391 | D:3      | Noticed a water elemental
  2439 | D:3      | HP: 1/36 [orc priest/divine providence (11)]
  2445 | D:3      | Killed from afar by an orc priest

Skill      XL: |  1  2  3  4  5 |
---------------+----------------+-----
Shields        | 4 |  4.6
Fighting       | 3 |  3.1
Long Blades    | 3 |  3.6
Dodging        | 1 |  1.2
Armour         | 4 |  4.0

Action                   |  1- 3 |  4- 6 || total
-------------------------+-------+-------++-------
Melee: Long sword        |   112 |   147 ||   259
  Use: Scroll            |       |     6 ||     6
       Potion            |       |     2 ||     2
  Eat: Chunk             |       |     5 ||     5
Armor: Scale mail        |    42 |    37 ||    79
Dodge: Dodged            |    51 |    48 ||    99
Block: Shield            |    77 |    83 ||   160
       Rpst.: Long sword |    16 |    13 ||    29
